 Dungeon Crawl Stone Soup version 0.31.0-4-g52a2dc7128 (webtiles) character file.

Game seed: 261264798948979657

203287 croobank the Merchant of Misery (level 18, -19/93 HPs)
             Began as a Felid Summoner on Jan 22, 2024.
             Was a Believer of Kikubaaqudgha.
             Killed from afar by a salamander tyrant (29 damage)
             ... with a flame surge
             ... on level 4 of the Snake Pit.
             The game lasted 03:56:10 (33293 turns).

croobank the Merchant of Misery (Felid Summoner)   Turns: 33293, Time: 03:56:11

Health: -19/93     AC:  3    Str:  4    XL:     18   Next: 35%
Magic:  14/35      EV: 22    Int: 37    God:    Kikubaaqudgha [**....]
Gold:   2268       SH:  0    Dex: 14    Spells: 1/41 levels left
                                        Lives:  0   Deaths: 6

rFire   . . .        (weapon unavailable)
rCold   + . .        (shield unavailable)
rNeg    . . .        (body armour unavailable)
rPois   +            (helmet unavailable)
rElec   .            (cloak unavailable)
rCorr   .            (gloves unavailable)
SInv    +            (boots unavailable)
Will    ++...        s - amulet "Kolot" {RegenMP Regen+ Int+5 Dex-4 Stlth+}
Stlth   +++++        V - +6 ring of intelligence
HPRegen 1.15/turn    U - ring of poison resistance
MPRegen 0.64/turn

%: no passive effects
@: death channelling, weakened, animating dead (expiring)
A: very small, claws 1, fangs 3, see invisible, shaggy fur 3, stealthy paws, no
weapons or thrown items, no armour, multi-lived
a: Renounce Religion, Unearth Wretches


You were on level 4 of the Snake Pit.
You worshipped Kikubaaqudgha.
Kikubaaqudgha was pleased with you.
You visited 6 branches of the dungeon, and saw 32 of its levels.
You also visited: Ossuary.

You collected 3594 gold pieces.
You spent 1326 gold pieces at shops.

Inventory:

Jewellery
 a - a ring of positive energy
 d - an amulet of guardian spirit
 f - a ring of ice
 h - a ring of ice
 i - a ring of willpower
 k - an amulet of regeneration
 o - a +4 ring of protection
 q - a +5 ring of evasion
 s - the amulet "Kolot" (around neck) {RegenMP Regen+ Int+5 Dex-4 Stlth+}
   (You acquired it on level 1 of the Lair of Beasts)

   [amulet of magic regeneration]

   RegenMP:   It increases your rate of magic regeneration.
   Int+5:     It affects your intelligence (+5).
   Dex-4:     It affects your dexterity (-4).
   Regen+:    It increases your rate of health regeneration.
   Stlth+:    It makes you more stealthy.
 I - a ring of magical power
 R - the ring of Cynicism {rN+ rCorr}
   (You acquired it on level 2 of the Snake Pit)

   [ring of resist corrosion]

   rN+:       It protects you from negative energy.
   rCorr:     It protects you from acid and corrosion.
 S - a ring of protection from fire
 T - a +6 ring of intelligence
 U - a ring of poison resistance (right paw)
 V - a +6 ring of intelligence (left paw)
 W - a ring of fire
Talismans
 v - a dragon-blood talisman
 X - a granite talisman
Wands
 b - a wand of light (4)
 g - a wand of roots (17)
 j - a wand of polymorph (6)
 t - a wand of digging (5)
 w - a wand of flame (64)
 E - a wand of mindburst (2)
 P - a wand of paralysis (8)
Scrolls
 e - a scroll of revelation
 l - 13 scrolls of teleportation
 u - 5 scrolls of fear
 x - 2 scrolls of fog
 y - a scroll of poison
 z - 2 scrolls of vulnerability
 C - a scroll of summoning
 F - 2 scrolls of noise
 G - 2 scrolls of immolation
 K - a scroll of silence
 Y - a scroll of amnesia
Potions
 c - 4 potions of resistance
 m - 2 potions of might
 n - 5 potions of enlightenment
 p - 3 potions of mutation
 r - 5 potions of cancellation
 A - 2 potions of lignification
 B - 3 potions of brilliance
 J - 3 potions of berserk rage
 L - a potion of curing
 M - 2 potions of attraction
 N - 2 potions of haste
 O - a potion of invisibility
Miscellaneous
 D - a sack of spiders
 H - a condenser vane
 Q - a phial of floods (inert)


   Skills:
 - Level 10.0 Fighting
 - Level 10.0 Dodging
 - Level 10.0 Stealth
 - Level 12.0 Spellcasting
 - Level 5.0 Hexes
 - Level 10.0 Summonings
 + Level 24.1 Necromancy
 - Level 7.0 Translocations
 - Level 5.7 Fire Magic
 - Level 7.0 Air Magic


You had one spell level left.
You knew the following spells:

 Your Spells              Type           Power      Damage    Failure   Level
a - Summon Small Mammal   Summ           100%       N/A       1%          1
b - Call Imp              Summ           100%       N/A       1%          2
c - Call Canine Familiar  Summ           77%        N/A       1%          3
d - Summon Blazeheart Go  Fire/Summ      69%        N/A       1%          4
e - Summon Lightning Spi  Summ/Air       71%        N/A       1%          4
f - Summon Forest         Summ/Tloc      35%        N/A       1%          5
A - Animate Dead          Necr           100%       N/A       0%          4
D - Death Channel         Necr           58%        N/A       0%          6
H - Haunt                 Necr/Summ      49%        N/A       1%          7
N - Anguish               Hex/Necr       46%        N/A       1%          4

Your spell library contained the following spells:

 Spells                   Type           Power      Damage    Failure   Level
 Kiss of Death            Conj/Necr      100%       2d13      0%          1
 Necrotise                Necr           100%       1d9       0%          1
 Apportation              Tloc           100%       N/A       1%          1
 Freeze                   Ice            88%        1d9       1%          1
 Sandblast                Erth           44%        2d11      1%          1
 Sting                    Conj/Alch      88%        1d8       1%          1
 Dispel Undead            Necr           100%       3d31      0%          4
 Martyr's Knell           Necr/Summ      99%        N/A       0%          4
 Curse of Agony           Necr           100%       N/A       0%          5
 Cigotuvi's Dreadful Rot  Necr/Alch/Air  100%       N/A       1%          2
 Ensorcelled Hibernation  Hex/Ice        80%        N/A       1%          2
 Scorch                   Fire           100%       2d9       1%          2
 Confusing Touch          Hex            56%        N/A       1%          3
 Dazzling Flash           Conj/Hex       80%        N/A       1%          3
 Gell's Gravitas          Tloc           65%        N/A       1%          3
 Sigil of Binding         Hex            56%        N/A       1%          3
 Summon Ice Beast         Ice/Summ       56%        N/A       1%          3
 Swiftness                Air            65%        N/A       1%          3
 Teleport Other           Tloc           65%        N/A       1%          3
 Tukima's Dance           Hex            56%        N/A       1%          3
 Volatile Blastmotes      Fire/Tloc      100%       2d18      1%          3
 Passage of Golubria      Tloc           65%        N/A       1%          4
 Borgnjor's Vile Clutch   Necr/Erth      42%        N/A       1%          5
 Borgnjor's Revivificati  Necr           58%        N/A       1%          8
 Infestation              Necr           58%        N/A       1%          8
 Cause Fear               Hex            28%        N/A       2%          4
 Iskenderun's Mystic Bla  Conj/Tloc      48%        2d11      4%          4
 Silence                  Hex/Air        30%        N/A       4%          5
 Summon Cactus Giant      Summ           38%        N/A       4%          6
 Frozen Ramparts          Ice            44%        1d7       5%          3
 Hailstorm                Conj/Ice       22%        3d7       5%          3
 Passwall                 Erth           22%        N/A       5%          3
 Stone Arrow              Conj/Erth      44%        3d9       5%          3
 Flame Wave               Conj/Fire      43%        2d11      5%          4
 Ignite Poison            Fire/Alch      43%        N/A       5%          4
 Death's Door             Necr           58%        N/A       9%          9
 Dispersal                Tloc           32%        N/A       16%         6
 Brom's Barrelling Bould  Conj/Erth      22%        2d4       17%         4
 Leda's Liquefaction      Alch/Erth      11%        N/A       17%         4
 Petrify                  Alch/Erth      22%        N/A       17%         4
 Metabolic Englaciation   Hex/Ice        20%        N/A       17%         5
 Yara's Violent Unravell  Hex/Alch       20%        3d9       17%         5
 Freezing Cloud           Conj/Ice/Air   19%        6-21      19%         5
 Summon Hydra             Summ           38%        N/A       24%         7
 Starburst                Conj/Fire      21%        6d7       63%         6
 Enfeeble                 Hex            28%        N/A       88%         7
 Eringya's Noxious Bog    Alch           11%        4d6       95%         6
 Sculpt Simulacrum        Ice/Alch       11%        N/A       95%         6
 Lehudib's Crystal Spear  Conj/Erth      11%        10d4      100%        8
 Maxwell's Capacitive Co  Air            32%        ∞         100%        8
 Dimensional Bullseye     Hex/Tloc       Unusable   N/A       N/A         4

Dungeon Overview and Level Annotations

Branches:
Dungeon (15/15)            Temple (1/1) D:4            Lair (5/5) D:11
 Shoals (0/4) Lair:3        Snake (4/4) Lair:3        Slime (5/5) Lair:5
    Orc (2/2) D:11            Elf (0/3) Orc:2        Vaults (0/5) D:14
 Depths (0/4) D:15        Ossuary (visited)

Altars:
Ashenzari
Cheibriados
Dithmenos
Elyvilon
Fedhas
Gozag
Hepliaklqana
Kikubaaqudgha
Makhleb
Nemelex Xobeh
Okawaru
Qazlal
Ru
Sif Muna
Trog
Uskayaw
Vehumet
Wu Jian
Xom
Yredelemnul
Zin
The Shining One
Jiyva

Shops:
D:1 :   D:13 !   Orc:1 *   Orc:2 [*(:

Annotations:
Snake:1 4 transporters
Slime:5 Royal Jelly


Innate Abilities, Weirdness & Mutations

You have sharp claws.
You have razor-sharp teeth.
You have supernaturally acute eyesight. (SInv)
Your thick and shaggy fur keeps you warm. (AC +3, rC+)
Your paws help you pounce on unaware monsters.
You are incapable of wielding weapons or throwing items.
You cannot wear armour.
You gain extra lives every three experience levels.


Message History

The salamander tyrant gazes fiercely through you!
You feel your attacks grow feeble.
Your phantasmal warrior gestures at the salamander tyrant.
Your phantasmal warrior blinks!
Your phantasmal warrior hits the salamander tyrant!!
The salamander tyrant's willpower is stripped away!
Your phantasmal warrior gestures at the salamander tyrant.
Your phantasmal warrior blinks!
The salamander tyrant calls gouts of flame from the lava!
The flame surge hits you!!!
* * * LOW HITPOINT WARNING * * *
The flame surge hits your phantasmal warrior!!
The flame surge hits your freezing wraith!
Your freezing wraith is burned terribly!
The flame surge hits your phantasmal warrior!!
The flame surge hits your phantasmal warrior!!!
The flame surge hits your spectral naga sharpshooter!!
Your spectral naga sharpshooter is destroyed!
The flame surge hits your spectral salamander!!!
The flame surge hits your spectral naga mage!!!
Your spectral naga mage is destroyed!
The flame surge hits Bai Suzhen!!!
The flame surge hits your shadow wraith!!
The flame surge hits your spectral salamander!!!
Your spectral salamander is destroyed!
The flame surge hits your spectral anaconda!!
The flame surge hits your spectral naga mage!!
The flame surge hits your spectral black mamba!
The flame surge hits your spectral naga warrior!!!
The flame surge hits your spectral naga ritualist!!
Your spectral naga ritualist is destroyed!
Casting: Haunt (dangerous; 1% risk of failure)
Confirm with . or Enter, or press ? or * to list all spells.
Casting: Anguish (safe; 1% risk of failure)
Press: ? - help, Dir - look around, f - activate The salamander tyrant is haunted by guilt!
The salamander tyrant calls gouts of flame from the lava!
The flame surge hits you!!
You die...
Kikubaaqudgha rasps: "You have failed me!
Welcome... death!"

###. #...###########
..... #.............
....)# #.....)......#♣
...W..##.......)[.[..♣
...W≈W.#....)†.......♣
?..WWN#Z.†...†.†.)...#♣#
.....ZWZZ.††.†.†...)...♣#
##.Z.Z≈Z††)).....)....#
#...Z@.Z†.†.†...)))†).
.###..≈.≈.††.)...........
.........~~†.†......)..).
.........~~~~............
.......#.)~~.............
......(...~.~..).....♣..†
.....................♣.♣.
.........................
..............(.......#..


You could see a salamander tyrant (weak-willed, ally target, anguished), a
friendly shadow wraith (summoned, invisible), 3 friendly phantasmal warriors, a
friendly freezing wraith (summoned), a friendly spectral black mamba, a friendly
spectral anaconda, a friendly spectral naga, a friendly spectral naga warrior, a
friendly spectral naga mage, 2 friendly spectral salamanders, a friendly
spectral naga ritualist, the friendly Bai Suzhen the spectral storm dragon and a
friendly wraith (summoned).

Vanquished Creatures
  5 acid blobs
  4 azure jellies
  2 rockslimes
  A formless jellyfish (Slime:4)
  An orc warlord (Orc:1)
  Nessos (D:12)
  6 quicksilver oozes
  An entropy weaver (shapeshifter) (D:8)
  A great orb of eyes (Slime:4)
  2 two-headed ogres
  An ogre mage (D:12)
  2 anacondas
  A boulder beetle (D:11)
  Sonja (D:12)
  A shock serpent (Snake:2)
  An orc knight (D:11)
  Pikel (D:6)
  4 ugly things
  3 cyclopes
  5 black mambas
  A guardian serpent (Snake:4)
  4 naga magi (Snake:4)
  3 cane toads
  Maggie (D:6)
  A rime drake (Lair:4)
  A komodo dragon (Lair:1)
  Psyche (D:11)
  3 trolls
  A hornet (D:10)
  3 slime creatures
  A wraith (D:10)
  2 slime creature zombies (Slime:5)
  2 wyverns (D:9)
  A golden eye (Slime:3)
  17 yaks
  4 vampire mosquitoes
  2 nagas (Snake:4)
  An acid dragon (D:11)
  Duvessa (D:6)
  5 water moccasins
  9 orc warriors
  6 wolves
  A sky beast (D:6)
  2 ogres
  3 centaurs
  2 elf zombies (Ossuary)
  A kobold brigand (D:8)
  3 bullfrogs
  A scorpion (D:6)
  A wight (D:6)
  A naga zombie (Snake:2)
  6 electric eels
  A centaur zombie (Ossuary)
  A crimson imp (D:5)
  A hound (D:11)
  A human zombie (Ossuary)
  2 orc wizards
  A hound zombie (Ossuary)
  An adder (D:6)
  A gnoll (D:8)
  An adder zombie (Ossuary)
  17 orcs
  3 endoplasms
  A gnoll zombie (Ossuary)
  A goblin (D:1)
  2 hobgoblins (D:4)
  A jackal (D:5)
  4 kobolds
  2 quokkas (D:2)
  7 bats
  2 orc zombies
185 creatures vanquished.

Vanquished Creatures (collateral kills)
  Dissolution (Slime:2)
  Bai Suzhen (Snake:4)
  Vashnia (Snake:4)
  Rupert (D:12)
  Jorgrun (Orc:1)
  Asterion (Snake:4)
  19 acid blobs
  Roxanne (Snake:4)
  4 nagarajas (Snake:4)
  5 rockslimes
  5 azure jellies
  8 formless jellyfish
  The ghost of shadowrider38 the Severer, a journeyman MiFi (Lair:4)
  14 quicksilver oozes
  5 hydras
  A great orb of eyes (Slime:4)
  The ghost of Plog the Toxicologist, a journeyman DgAl (D:12)
  A salamander tyrant (Snake:3)
  An anaconda (Snake:4)
  A death knight (D:14)
  A boulder beetle (D:13)
  3 naga warriors
  An orc high priest (Orc:1)
  2 shock serpents
  8 naga sharpshooters
  A hell knight (D:15)
  A goliath frog (Lair:5)
  4 salamander mystics
  A glowing orange brain (D:14)
  10 mana vipers
  8 naga ritualists
  2 orc sorcerers (Orc:2)
  2 orc knights (Orc:2)
  11 salamanders
  A deep elf pyromancer (D:13)
  A manticore (D:15)
  7 ugly things
  An oklob plant (Lair:4)
  7 shining eyes
  35 black mambas
  A cyclops (D:14)
  6 elephants (Lair:5)
  9 naga magi
  Maurice (D:7)
  3 eyes of devastation
  A torpor snail (Lair:4)
  3 guardian serpents
  14 cane toads
  3 rime drakes (Lair:1)
  A kobold demonologist (D:7)
  A freezing wraith (D:14)
  A tengu conjurer (D:15)
  4 komodo dragons
  3 polar bears
  3 trolls
  A tyrant leech (Lair:5)
  3 glass eyes
  2 hornets (D:12)
  13 blink frogs
  9 dream sheep
  Prince Ribbit (D:7)
  4 wyverns
  79 slime creatures
  18 yaks
  2 fire elementals (Snake:3)
  2 spriggans (D:12)
  3 wraiths
  5 basilisks
  2 steam dragons
  5 golden eyes (Slime:3)
  9 vampire mosquitoes
  An acid dragon (D:11)
  26 nagas
  9 water moccasins
  A hell hound (Snake:3)
  3 ice beasts
  12 orc warriors
  6 ogres
  2 black bears (D:6)
  3 boggarts
  14 wolves
  A phantom (D:6)
  7 centaurs
  A lemure (D:6)
  A weeping skull (D:14)
  An elf zombie (Ossuary)
  Blork the orc (Orc:2)
  17 bullfrogs
  4 kobold brigands
  2 scorpions
  A gnoll sergeant (D:8)
  Dowan (D:6)
  6 wights
  4 howler monkeys
  A human zombie (Ossuary)
  A centaur zombie (Ossuary)
  2 bombardier beetles
  4 hounds
  15 orc priests
  A gnoll bouda (D:8)
  5 iguanas
  15 orc wizards
  6 hound zombies (Ossuary)
  2 mummies (Ossuary)
  12 gnolls
  6 adders
  A shadow imp (D:5)
  4 ufetubi
  6 adder zombies (Ossuary)
  2 dart slugs
  74 orcs
  9 endoplasms
  A giant cockroach (D:4)
  4 goblins
  4 hobgoblins
  12 jackals
  25 kobolds
  3 quokkas
  10 ball pythons
  9 bats
  A frilled lizard (D:1)
  2 gnoll zombies (Ossuary)
  A jackal zombie (Ossuary)
  3 kobold zombies (Ossuary)
  9 orc zombies
  6 rats
  A spectral orc (D:14)
773 creatures vanquished.

Vanquished Creatures (others)
  9 acid blobs
  Donald (Orc:2)
  5 azure jellies
  5 rockslimes
  An orc warlord (Orc:2)
  4 quicksilver oozes
  2 formless jellyfish (Slime:2)
  2 rockslime zombies (Slime:5)
  Azrael (Snake:3)
  An ettin (D:15)
  3 acid blob zombies (Slime:5)
  Josephine (Lair:4)
  Snorg (Orc:2)
  2 hydras
  2 great orbs of eyes
  A vault guard (D:14)
  A salamander tyrant (Snake:3)
  7 centaur warriors
  5 anacondas
  2 boulder beetles
  2 tengu warriors
  An azure jelly zombie (Slime:5)
  4 naga sharpshooters
  3 naga warriors (Snake:4)
  An orc high priest (Orc:2)
  A shock serpent (Snake:2)
  3 skysharks
  3 anaconda zombies
  A salamander mystic (Snake:4)
  Lodul (D:13)
  4 naga ritualists
  3 mana vipers
  3 orc knights (Orc:2)
  8 ugly things
  2 deep elf pyromancers
  7 ugly thing zombies (D:14)
  2 cyclopes
  2 centaur zombies
  A human zombie (D:12)
  2 orc sorcerers
  A kobold blastminer (Orc:1)
  6 salamanders
  A shock serpent zombie (Snake:3)
  A guardian serpent (Snake:4)
  A mana viper zombie (Snake:4)
  5 naga magi
  17 black mambas
  4 cane toads
  A cane toad (shapeshifter) (D:15)
  A rime drake (Lair:2)
  4 komodo dragons
  A freezing wraith (D:14)
  An efreet (D:14)
  2 tengu conjurers
  A troll (Orc:2)
  A great orb of eyes zombie (Slime:4)
  4 polar bears
  2 tyrant leeches (Lair:5)
  An ettin zombie (D:15)
  3 dream sheep (Lair:2)
  A guardian serpent zombie (Snake:4)
  6 blink frogs
  19 slime creatures
  11 black mamba zombies
  6 yaks
  A spriggan (D:12)
  A vampire (D:13)
  3 wraiths (Lair:4)
  10 slime creature zombies
  8 nagas
  9 salamander zombies
  A skyshark zombie (Lair:4)
  3 water moccasins (Lair:3)
  3 cane toad zombies
  A hell hound (Snake:3)
  19 orc warriors
  A black bear (Lair:4)
  8 dream sheep zombies
  An elf zombie (D:13)
  36 orc zombies
  2 boggarts (Lair:4)
  5 wolves
  3 centaurs
  4 ogres
  A rime drake zombie (Lair:2)
  3 bullfrogs
  3 water moccasin zombies
  3 cyclops zombies
  2 tengu zombies
  A troll zombie (Orc:2)
  7 yak zombies
  An electric eel (Lair:5)
  7 wolf zombies
  6 bullfrog zombies
  A basilisk zombie (Lair:4)
  6 orc priests
  3 orc wizards (Orc:1)
  8 ogre zombies
  30 naga zombies
  9 orcs
  2 kobolds
  A kobold zombie (D:12)
  71 blazeheart cores
  2 snaplasher vines (Snake:4)
497 creatures vanquished.

Grand Total: 1455 creatures vanquished

Notes
Turn   | Place    | Note
-------+----------+-------------------------------------------
     0 | D:1      | croobank the Felid Summoner began the quest for the Orb.
     0 | D:1      | Reached XP level 1. HP: 9/9 MP: 4/4
   298 | D:1      | Reached XP level 2. HP: 13/13 MP: 4/6
   301 | D:1      | Learned a level 2 spell: Call Imp
   333 | D:1      | Found Mititi's Book Emporium.
  1128 | D:1      | Reached XP level 3. HP: 16/16 MP: 3/7
  1132 | D:1      | Learned a level 3 spell: Call Canine Familiar
  1759 | D:2      | Reached XP level 4. HP: 21/21 MP: 5/8
  1759 | D:2      | Gained a life (2 lives remaining)
  1993 | D:2      | Identified the +1 dagger "Qahumawes" {heavy, Fly SInv
                  | Stlth+}
  3472 | D:4      | Found a sand-covered staircase.
  3497 | Ossuary  | Entered an ossuary
  3528 | Ossuary  | Reached XP level 5. HP: 25/25 MP: 3/10
  3562 | Ossuary  | Reached skill level 1 in Fighting
  3720 | Ossuary  | Reached skill level 5 in Stealth
  3720 | Ossuary  | Gained mutation: You are covered in thick fur. (AC +2)
                  | [Felid growth]
  3720 | Ossuary  | Reached XP level 6. HP: 30/30 MP: 5/11
  3725 | Ossuary  | Learned a level 4 spell: Summon Blazeheart Golem
  3735 | Ossuary  | Reached skill level 5 in Summonings
  3851 | Ossuary  | Reached skill level 1 in Fire Magic
  4020 | Ossuary  | Reached skill level 5 in Dodging
  4048 | Ossuary  | Reached XP level 7. HP: 35/35 MP: 5/13
  4484 | D:4      | Found a hazy altar of Hepliaklqana.
  5235 | D:4      | Found a sparkling altar of Nemelex Xobeh.
  5349 | D:4      | Found a staircase to the Ecumenical Temple.
  5358 | Temple   | Entered the Ecumenical Temple
  5418 | D:5      | Entered Level 5 of the Dungeon
  5743 | D:4      | Reached XP level 8. HP: 37/39 MP: 12/15
  5776 | D:5      | Slain by an iguana
  5776 | D:5      | Lost a life (1 life remaining)
  6673 | D:5      | Found a burning altar of Makhleb.
  6903 | D:6      | Found a bloodstained altar of Trog.
  6946 | D:6      | Noticed Duvessa
  6948 | D:6      | Noticed Dowan
  6951 | D:6      | Killed Duvessa
  6952 | D:6      | Reached XP level 9. HP: 45/45 MP: 15/17
  6952 | D:6      | Gained a life (2 lives remaining)
  6964 | D:6      | Killed Dowan
  7142 | D:6      | Noticed Maggie
  7150 | D:6      | Reached skill level 1 in Air Magic
  7158 | D:6      | Killed Maggie
  7159 | D:6      | Reached skill level 5 in Spellcasting
  7180 | D:6      | Noticed Pikel
  7185 | D:6      | Killed Pikel
  7186 | D:6      | Reached skill level 5 in Fire Magic
  7469 | D:6      | Found a radiant altar of Vehumet.
  8336 | D:7      | Reached skill level 5 in Fighting
  8381 | D:7      | Learned a level 4 spell: Summon Lightning Spire
  8393 | D:7      | Reached XP level 10. HP: 51/51 MP: 4/19
  8725 | D:7      | Noticed Maurice
  8737 | D:7      | Killed Maurice
  8771 | D:7      | Noticed Prince Ribbit
  8777 | D:7      | Killed Prince Ribbit
  9100 | D:7      | Found a glowing silver altar of Zin.
  9693 | D:8      | Found an opulent altar of Gozag.
 10180 | D:8      | Identified the +1 leather armour of the Endless Expanse
                  | {rPois rC+++ Will- Int+2}
 10244 | D:8      | Found a stormy altar of Qazlal.
 10247 | D:8      | Noticed an entropy weaver
 10253 | D:8      | Killed an entropy weaver
 10457 | D:8      | Found an opulent altar of Gozag.
 10457 | D:8      | Noticed a red ugly thing
 10470 | D:8      | Killed a red ugly thing
 10471 | D:8      | Reached skill level 5 in Air Magic
 10826 | D:8      | Found an ancient bone altar of Kikubaaqudgha.
 10826 | D:8      | Found a hide-covered altar of Uskayaw.
 10831 | D:8      | Became a worshipper of Kikubaaqudgha
 11186 | D:9      | Reached XP level 11. HP: 56/56 MP: 17/21
 11528 | D:9      | Found a shimmering altar of Xom.
 11603 | D:9      | Reached skill level 10 in Stealth
 11912 | D:9      | Noticed a two-headed ogre
 11930 | D:9      | Killed a two-headed ogre
 11977 | D:9      | Reached * piety under Kikubaaqudgha
 11977 | D:9      | Received a gift from Kikubaaqudgha
 11983 | D:9      | Learned a level 4 spell: Animate Dead
 12106 | D:9      | Found a basalt altar of Yredelemnul.
 12354 | D:10     | Entered Level 10 of the Dungeon
 12387 | D:10     | Found a shimmering blue altar of Sif Muna.
 12574 | D:10     | Reached skill level 1 in Necromancy
 12919 | D:11     | Noticed Psyche
 12929 | D:11     | Killed Psyche
 12930 | D:11     | Reached skill level 2 in Necromancy
 13122 | D:10     | Noticed a two-headed ogre
 13130 | D:10     | Killed a two-headed ogre
 13131 | D:10     | Reached skill level 10 in Dodging
 13141 | D:10     | Learned a level 4 spell: Anguish
 13485 | D:10     | Reached skill level 3 in Necromancy
 13803 | D:10     | Reached skill level 1 in Hexes
 14363 | D:11     | Found a staircase to the Lair.
 14364 | D:11     | Reached ** piety under Kikubaaqudgha
 14430 | D:11     | Noticed an orc knight
 14445 | D:11     | Killed an orc knight
 14446 | D:11     | Reached skill level 4 in Necromancy
 14567 | D:11     | Found a staircase to the Orcish Mines.
 14643 | D:11     | Noticed a boulder beetle
 14673 | D:11     | Gained mutation: Your thick and shaggy fur keeps you warm.
                  | (AC +3, rC+) [Felid growth]
 14673 | D:11     | Reached XP level 12. HP: 7/63 MP: 18/23
 14907 | D:11     | Killed a boulder beetle
 15252 | D:12     | Found a runed translucent door.
 15261 | D:12     | Identified the +6 spear "Fonoczil" {freeze, Dex+5 SInv}
 15261 | D:12     | Noticed Plog's ghost (journeyman DgAl)
 15428 | D:12     | Noticed Nessos
 15447 | D:12     | Killed Nessos
 15448 | D:12     | Reached skill level 5 in Necromancy
 15817 | D:12     | Noticed Rupert
 15884 | D:12     | Noticed Sonja
 15887 | D:12     | Killed Sonja
 16506 | Lair:1   | Entered Level 1 of the Lair of Beasts
 16807 | Lair:1   | Reached skill level 5 in Hexes
 16807 | Lair:1   | Reached skill level 6 in Necromancy
 17180 | Lair:1   | Identified a scroll of acquirement
 17180 | Lair:1   | Acquired the amulet "Kolot" {RegenMP Regen+ Int+5 Dex-4
                  | Stlth+}
 17514 | Lair:2   | Reached *** piety under Kikubaaqudgha
 17514 | Lair:2   | Received a gift from Kikubaaqudgha
 17556 | Lair:2   | Reached skill level 7 in Necromancy
 17964 | Lair:2   | Noticed a boulder beetle
 17970 | Lair:2   | Killed a boulder beetle
 17996 | Lair:2   | Reached XP level 13. HP: 69/69 MP: 12/26
 18106 | Lair:2   | Reached skill level 8 in Necromancy
 18134 | Lair:2   | You fall into a shaft and drop 1 floor!
 18343 | Lair:3   | Reached skill level 10 in Summonings
 18346 | Lair:3   | Found a staircase to the Shoals.
 18351 | Lair:3   | Reached **** piety under Kikubaaqudgha
 19165 | Lair:2   | Learned a level 6 spell: Death Channel
 19398 | Lair:3   | Found a staircase to the Snake Pit.
 19713 | Lair:4   | Reached skill level 9 in Necromancy
 19878 | Lair:4   | Acquired Sif Muna's Octavo of Entrancing Transposition
 20028 | Lair:4   | Noticed Josephine
 20042 | Lair:4   | Killed Josephine
 20046 | Lair:4   | Reached skill level 10 in Necromancy
 20606 | Lair:4   | Found a runed translucent gate.
 20606 | Lair:4   | Found a runed translucent gate.
 20606 | Lair:4   | Found a runed translucent gate.
 20609 | Lair:4   | Noticed shadowrider38's ghost (journeyman MiFi)
 20641 | Lair:4   | Killed shadowrider38's ghost
 20765 | Lair:4   | Reached skill level 10 in Fighting
 21029 | Lair:5   | Entered Level 5 of the Lair of Beasts
 21081 | Lair:5   | Reached skill level 11 in Necromancy
 21092 | Lair:5   | Reached XP level 14. HP: 61/77 MP: 13/28
 21133 | Lair:5   | Reached skill level 10 in Spellcasting
 21545 | Lair:5   | Reached skill level 12 in Necromancy
 21555 | Lair:5   | Found a viscous altar of Jiyva.
 21558 | Lair:5   | Found a staircase to the Slime Pits.
 22145 | Orc:1    | Entered Level 1 of the Orcish Mines
 22173 | Orc:2    | Entered Level 2 of the Orcish Mines
 22175 | Orc:2    | Noticed Donald
 22180 | Orc:2    | Found a staircase to the Elven Halls.
 22188 | Orc:2    | Killed Donald
 22192 | Orc:2    | Noticed Snorg
 22197 | Orc:2    | Killed Snorg
 22243 | Orc:2    | Reached skill level 13 in Necromancy
 22251 | Orc:2    | Noticed an orc warlord
 22258 | Orc:2    | Noticed Blork the orc
 22262 | Orc:2    | Killed an orc warlord
 22268 | Orc:2    | Killed Blork the orc
 22278 | Orc:2    | Your ally Blork died
 22285 | Orc:2    | Reached ***** piety under Kikubaaqudgha
 22306 | Orc:2    | Found Ygon's Antique Armour Shop.
 22310 | Orc:2    | Found Viorhed's General Store.
 22356 | Orc:2    | Bought a potion of haste for 130 gold pieces
 22356 | Orc:2    | Bought a potion of brilliance for 52 gold pieces
 22356 | Orc:2    | Bought a potion of invisibility for 104 gold pieces
 22356 | Orc:2    | Bought a scroll of identify for 26 gold pieces
 22356 | Orc:2    | Bought a potion of cancellation for 104 gold pieces
 22356 | Orc:2    | Bought a phial of floods for 520 gold pieces
 22364 | Orc:2    | Found Vumm's Antique Weapon Shop.
 22828 | Orc:2    | Found Syliehuke's Book Shop.
 22879 | Orc:1    | HP: 2/77 [orc high priest/divine providence (16)]
 22883 | Orc:1    | Noticed Jorgrun
 22902 | Orc:1    | Slain by an orc warrior
 22902 | Orc:1    | Lost a life (1 life remaining)
 22931 | Orc:1    | Killed Jorgrun
 23137 | Orc:1    | Found Axie's Alliterative Armaments.
 23235 | Orc:1    | Killed from afar by an orc priest
 23235 | Orc:1    | Lost a life (0 lives remaining)
 23516 | Orc:1    | Reached skill level 14 in Necromancy
 23902 | D:12     | Killed Rupert
 24017 | D:12     | Killed Plog's ghost
 24034 | D:12     | Your ally Rupert died
 24180 | D:13     | Found Exzouraf's Distillery.
 24191 | D:13     | Noticed Lodul
 24202 | D:13     | Killed Lodul
 24265 | D:13     | Bought 2 potions of berserk rage for 100 gold pieces
 24265 | D:13     | Bought 2 potions of enlightenment for 100 gold pieces
 24265 | D:13     | Bought a potion of curing for 30 gold pieces
 24265 | D:13     | Bought a potion of berserk rage for 50 gold pieces
 24265 | D:13     | Bought a potion of curing for 30 gold pieces
 24265 | D:13     | Bought a potion of enlightenment for 50 gold pieces
 24265 | D:13     | Bought a potion of curing for 30 gold pieces
 24350 | D:13     | Your ally Lodul died
 24362 | D:13     | Reached XP level 15. HP: 30/80 MP: 31/31
 24362 | D:13     | Gained a life (1 life remaining)
 25570 | D:14     | Reached skill level 15 in Necromancy
 25952 | D:14     | Found a gate to the Vaults.
 25990 | D:14     | Found a basalt altar of Yredelemnul.
 26227 | D:15     | Entered Level 15 of the Dungeon
 26403 | D:15     | Reached skill level 16 in Necromancy
 26440 | D:15     | Found a staircase to the Depths.
 27858 | Snake:1  | Entered Level 1 of the Snake Pit
 27896 | Snake:1  | Found a transporter.
 27906 | Snake:1  | Found a transporter.
 27910 | Snake:1  | Found a transporter.
 27926 | Snake:1  | Found a transporter.
 28177 | Snake:1  | Reached skill level 17 in Necromancy
 28283 | Snake:1  | Found a transporter.
 28285 | Snake:1  | Found a transporter.
 29285 | Snake:2  | Reached XP level 16. HP: 85/85 MP: 31/33
 29285 | Snake:2  | Gained a life (2 lives remaining)
 29382 | Snake:2  | Reached skill level 18 in Necromancy
 30214 | Snake:3  | Reached ****** piety under Kikubaaqudgha
 30215 | Snake:3  | Reached skill level 19 in Necromancy
 30259 | Snake:3  | Received a gift from Kikubaaqudgha (forbidden knowledge)
 30271 | Snake:3  | Noticed Azrael
 30279 | Snake:3  | Killed Azrael
 30833 | Slime:1  | Entered Level 1 of the Pits of Slime
 30833 | Slime:1  | Noticed an acid blob
 30847 | Slime:1  | Killed an acid blob
 30934 | Slime:1  | Acquired the ring of Cynicism {rN+ rCorr}
 30947 | Slime:2  | Noticed Dissolution
 30951 | Slime:2  | Noticed an acid blob
 30957 | Slime:2  | Killed Dissolution
 30958 | Slime:2  | Reached skill level 20 in Necromancy
 30963 | Slime:2  | Noticed an acid blob
 30968 | Slime:2  | Killed an acid blob
 31214 | Slime:1  | Noticed an acid blob
 31214 | Slime:1  | Noticed an acid blob
 31222 | Slime:1  | Noticed an acid blob
 31225 | Slime:1  | Killed an acid blob
 31225 | Slime:1  | Killed an acid blob
 31230 | Slime:1  | Noticed an acid blob
 31235 | Slime:1  | Killed an acid blob
 31307 | Slime:3  | Paralysed by a formless jellyfish for 1 turns
 31309 | Slime:3  | HP: 1/85 [poisoned by a formless jellyfish]
 31310 | Slime:3  | Succumbed to a formless jellyfish's poison
 31310 | Slime:3  | Lost a life (1 life remaining)
 31339 | Slime:3  | Reached skill level 21 in Necromancy
 31339 | Slime:3  | Reached XP level 17. HP: 89/89 MP: 34/34
 31339 | Slime:3  | Gained a life (2 lives remaining)
 31554 | Slime:1  | Noticed an acid blob
 31554 | Slime:1  | Noticed an acid blob
 31565 | Slime:1  | Killed from afar by an acid blob
 31565 | Slime:1  | Lost a life (1 life remaining)
 31587 | Slime:3  | Noticed an acid blob
 31599 | Slime:3  | Killed an acid blob
 31675 | Slime:4  | Noticed an acid blob
 32058 | Slime:5  | Entered Level 5 of the Pits of Slime
 32092 | Slime:5  | Noticed an acid blob
 32119 | Slime:5  | Killed an acid blob
 32120 | Slime:5  | Reached skill level 22 in Necromancy
 32159 | Slime:5  | Noticed an acid blob
 32160 | Slime:5  | Noticed an acid blob
 32165 | Slime:5  | Killed an acid blob
 32171 | Slime:5  | Killed an acid blob
 32179 | Slime:5  | Noticed an acid blob
 32209 | Slime:5  | Noticed an acid blob
 32215 | Slime:5  | Noticed an acid blob
 32217 | Slime:5  | Killed an acid blob
 32220 | Slime:5  | Killed an acid blob
 32283 | Slime:5  | Noticed an acid blob
 32285 | Slime:5  | Noticed an acid blob
 32287 | Slime:5  | Killed an acid blob
 32289 | Slime:5  | Killed an acid blob
 32296 | Slime:5  | Noticed an acid blob
 32299 | Slime:5  | Noticed the Royal Jelly
 32301 | Slime:5  | Killed an acid blob
 32307 | Slime:5  | Noticed an acid blob
 32312 | Slime:5  | Killed an acid blob
 32313 | Slime:5  | Reached skill level 23 in Necromancy
 32339 | Slime:4  | Noticed an acid blob
 32340 | Slime:4  | Noticed an acid blob
 32343 | Slime:4  | Killed an acid blob
 32346 | Slime:4  | Killed an acid blob
 32757 | Snake:4  | Entered Level 4 of the Snake Pit
 32858 | Snake:4  | Noticed Vashnia
 32861 | Snake:4  | Shot with an arrow by a naga sharpshooter
 32861 | Snake:4  | Lost a life (0 lives remaining)
 32877 | Snake:4  | Learned a level 7 spell: Haunt
 32883 | Snake:4  | Learned a level 5 spell: Summon Forest
 32905 | Snake:4  | Reached skill level 1 in Translocations
 32930 | Snake:4  | Killed Vashnia
 33047 | Snake:4  | Noticed Roxanne
 33058 | Snake:4  | Reached XP level 18. HP: 93/93 MP: 17/35
 33063 | Snake:4  | Reached skill level 5 in Translocations
 33063 | Snake:4  | Killed Roxanne
 33207 | Snake:4  | Noticed Asterion
 33212 | Snake:4  | Killed Asterion
 33240 | Snake:4  | Reached skill level 24 in Necromancy
 33247 | Snake:4  | Noticed Bai Suzhen
 33269 | Snake:4  | Killed Bai Suzhen
 33293 | Snake:4  | Killed from afar by a salamander tyrant

Illustrated notes

Levels and vault maps discovered:
D:1:      mrwooster_arrival_statue, layout_basic, serial_shops,
          nicolae_shop_trees, minmay_split_cup_small
D:2:      layout_loops_ring, st_stairs_9
D:3:      layout_basic, grunt_ministairs_1, chequers_serial_rivers_large_b,
          guppyfry_early_lair_pool
D:4:      layout_basic, mainiacjoe_overflow_small_starburst,
          general_overflow_altar, lemuel_temple_firewalk_a, enter_ossuary_2
D:5:      layout_basic, makhleb_grotto_becter, amcnicky_mini_pool_small
D:6:      layout_basic, nicolae_vehumet_altar_sigil, bloody_trog, uniq_duvessa,
          uniq_pikel, uniq_maggie
D:7:      layout_cave_pools, lemuel_tele_altar, uniq_maurice,
          uniq_prince_ribbit1
D:8:      layout_basic, nicolae_gozag_seed_capital,
          gammafunk_temple_overflow_statue, hangedman_decor_lopped,
          hangedman_feature_mirror, kennysheep_donut
D:9:      layout_loops_ring, mainiacjoe_overflow_catwalk, lemuel_doored_altar,
          minmay_misc_feat_more_columns, minmay_increasing_density
D:10:     layout_basic, nicolae_sif_muna_condensation
D:11:     layout_long_grid, erik_lair_island, david_orc_5, solitary_fountain,
          serial_bayou_lagoon_a, uniq_psyche
D:12:     layout_loops_corners, ebering_ghost_funeral_grove,
          minmay_misc_feat_tiny, uniq_rupert, uniq_sonja, uniq_nessos
D:13:     layout_basic, serial_shops, shop, minivault_11, uniq_lodul
D:14:     layout_long_grid, hellmonk_vaults_order_and_chaos,
          chequers_mini_garden, yredelemnul_forgotten_temple_becter
D:15:     hangedman_depths_entry_civil_slaughter, layout_layer_cave,
          minmay_misc_feat_encased, minmay_fractal_squares_gapless_5
Temple:   dpeg_chambers_temple
Lair:1:   layout_regular_city, serial_bayou_shore_a, grunt_megastairs_5,
          infiniplex_staircase_pool_2
Lair:2:   layout_cave_pods, st_stairs_5
Lair:3:   layout_hall_layers, minmay_shoals_entry_centaurs,
          nicolae_snake_entry_squirm
Lair:4:   layout_cave_pods, gammafunk_ghost_hydra_chop, kilobyte_rumbling_trees,
          uniq_josephine
Lair:5:   minmay_lair_end_frog_pond, layout_regular_city, slime_entry_1
Snake:1:  layout_onion_interference, serial_nicolae_subway,
          nicolae_sub_station_stone, nicolae_sub_station_metal,
          nicolae_sub_station_crystal
Snake:2:  layout_chambers, nicolae_triple_integral
Snake:3:  layout_rooms, grunt_megastairs_4, uniq_azrael
Snake:4:  snake_pit, layout_grid_shapes, uniq_roxanne, uniq_bai_suzhen,
          uniq_asterion, uniq_vashnia
Slime:1:  layout_caves
Slime:2:  layout_caves, uniq_dissolution
Slime:3:  layout_caves
Slime:4:  layout_caves
Slime:5:  slime_pit_nicolae_royal_road_to_ruin
Orc:1:    layout_diamond_mine, monkooky_shop_alliterative, uniq_jorgrun
Orc:2:    grunt_orc_cross, layout_caves, roderic_batcave,
          nicolae_orc_lost_temple, uniq_snorg, uniq_donald

Skill      XL: |  1  2  3  4  5  6  7  8  9 10 11 12 13 14 15 16 17 18 |
---------------+-------------------------------------------------------+-----
Stealth        | 3 4 5 6 7 8 9 10 | 10.0
Dodging        | 3 4 5 6 8 9 10 | 10.0
Fighting       | 1 2 4 5 6 7 8 10 | 10.0
Spellcasting   | 3 4 5 6 7 8 9 11 12 | 12.0
Summonings     | 5 6 7 8 9 10 | 10.0
Fire Magic     | 1 3 4 5 |  5.7
Air Magic      | 3 5 6 7 |  7.0
Necromancy     | 4 7 11 14 17 21 23 24 | 24.1
Hexes          | 3 5 |  5.0
Translocations | 4 7 |  7.0

Action                     |  1- 3 |  4- 6 |  7- 9 | 10-12 | 13-15 | 16-18 || total
---------------------------+-------+-------+-------+-------+-------+-------++-------
  Melee: Unarmed           |    14 |    56 |   101 |   116 |    97 |    46 ||   430
         Bite              |       |     6 |    11 |    15 |     7 |     1 ||    40
         Punch             |       |       |     3 |     1 |     3 |       ||     7
   Cast: Summon Small Mamm |    35 |    30 |    30 |    18 |    13 |     7 ||   133
         Call Imp          |    11 |    16 |    24 |    31 |    19 |     3 ||   104
         Call Canine Famil |     4 |    10 |    21 |    24 |    26 |     5 ||    90
         Summon Blazeheart |       |     2 |    27 |    65 |    26 |     9 ||   129
         Summon Lightning  |       |       |     1 |    39 |    54 |    35 ||   129
         Anguish           |       |       |       |    20 |   222 |    76 ||   318
         Animate Dead      |       |       |       |     6 |    36 |    19 ||    61
         Death Channel     |       |       |       |       |    65 |    29 ||    94
         Summon Forest     |       |       |       |       |       |    10 ||    10
         Haunt             |       |       |       |       |       |    15 ||    15
 Invoke: Unearth Wretches  |       |       |       |       |    13 |    36 ||    49
         Receive Forbidden |       |       |       |       |       |     1 ||     1
  Evoke: Wand              |       |       |       |    16 |     3 |     5 ||    24
         Sack of spiders   |       |       |       |       |     1 |       ||     1
         Phial of floods   |       |       |       |       |       |     1 ||     1
    Use: Scroll            |       |     8 |     8 |     9 |    11 |     8 ||    44
         Potion            |       |     3 |     1 |     8 |     4 |     6 ||    22
   Stab: Sleeping          |     4 |     1 |     3 |     6 |       |     3 ||    17
         Distracted        |     2 |       |     3 |     3 |     4 |       ||    12
         Invisible         |       |       |       |     1 |       |       ||     1
         Paralysed         |       |       |       |       |    18 |    32 ||    50
         Betrayed ally     |       |       |       |       |       |     1 ||     1
 Armour: Skin              |     5 |    19 |    39 |   104 |   118 |    61 ||   346
  Dodge: Dodged            |    20 |    62 |   185 |   329 |   288 |    87 ||   971
